 Dungeon Crawl Stone Soup version 0.20.1-1-g8b1a95d (webtiles) character file.

378 Linguinho the Digger (level 6, 0/32 HPs)
             Began as a Deep Elf Earth Elementalist on Oct 28, 2017.
             Succumbed to a worker ant's poison
             ... on level 5 of the Dungeon.
             The game lasted 00:16:36 (4013 turns).

Linguinho the Digger (Deep Elf Earth Elementalist)  Turns: 4013, Time: 00:16:37

Health: 0/32       AC:  2    Str: 10    XL:     6   Next: 45%
Magic:  16/16      EV: 13    Int: 22    God:
Gold:   202        SH:  0    Dex: 15    Spells: 10/16 levels left

rFire    . . .     SeeInvis .   m - +0 dagger
rCold    . . .     Gourm    .   (no shield)
rNeg     . . .     Faith    .   c - +0 robe
rPois    .         Spirit   .   (no helmet)
rElec    .         Reflect  .   (no cloak)
rCorr    .         Harm     .   (no gloves)
MR       .....                  (no boots)
Stlth    ++........             (no amulet)
Regen    0.1/turn               (no ring)
MPRegen  0.2/turn               (no ring)

@: mighty, lethally poisoned (0 -> -7)
A: no striking features
a: no special abilities


You were on level 5 of the Dungeon.
You were not hungry.

You visited 1 branch of the dungeon, and saw 5 of its levels.

You collected 202 gold pieces.

Inventory:

Hand Weapons
 m - a +0 dagger (weapon)
Missiles
 b - 45 stones (quivered)
Armour
 c - a +0 robe (worn)
Jewellery
 i - an uncursed ring of protection from magic {unknown}
 v - an uncursed ring of flight {unknown}
Wands
 x - a wand of polymorph (18/24)
 y - a wand of lightning (6/15)
Scrolls
 f - 3 scrolls of identify
 j - a scroll of random uselessness {unknown}
 k - a scroll of fog {unknown}
 o - 2 scrolls of amnesia {unknown}
 p - a scroll of noise {unknown}
 q - a scroll of teleportation {unknown}
 r - a scroll of remove curse {unknown}
Potions
 n - a potion of flight {unknown}
 t - a potion of mutation {unknown}
 u - a potion of resistance
 w - a potion of degeneration
Books
 e - a book of Geomancy

   Spells                             Type                      Level
   a - Sandblast                      Earth                        1
   b - Passwall                       Transmutation/Earth          2
   c - Stone Arrow                    Conjuration/Earth            3
   d - Petrify                        Transmutation/Earth          4
   e - Lee's Rapid Deconstruction     Earth                        5
Comestibles
 d - 4 bread rations
 g - 2 royal jellies
 h - 2 fruits
 s - a meat ration
 z - a chunk of flesh


   Skills:
 * Level 1.3 Short Blades
   Level 0.1 Maces & Flails
 + Level 3.1 Dodging
 * Level 3.4 Stealth
 * Level 5.5 Spellcasting
 * Level 0.7 Conjurations
 * Level 1.9 Transmutations
 * Level 5.6 Earth Magic


You had 10 spell levels left.
You knew the following spells:

 Your Spells              Type           Power        Failure   Level  Hunger
a - Sandblast             Erth           ####..       1%          1    None
b - Passwall              Tmut/Erth      ###.......   3%          2    None
c - Stone Arrow           Conj/Erth      ###...       8%          3    ##.....


Dungeon Overview and Level Annotations

Branches:
Dungeon (5/15)
 Temple: D:4-7

Altars:
Gozag
Nemelex Xobeh
Okawaru
Zin


Message History

You feel better. The worker ant bites you!
* * * LOW HITPOINT WARNING * * *
The worker ant bites you!
* * * LOW HITPOINT WARNING * * *
Found a stone staircase leading down.
You see here 14 bolts.
There is a stone staircase leading down here.
The worker ant barely misses you.
You climb downwards.
Found a leather armour and 20 arrows.
Found a stone staircase leading down.
There is a stone staircase leading up here.
Okay, then.
You feel better. The worker ant bites you.
* * * LOW HITPOINT WARNING * * *
You are lethally poisoned!
The worker ant poisons you!
Okay, then.
It was a potion of might.
You feel very mighty all of a sudden.
You die...

..# ...#
#...##
#...> #.(.#
#[...###
#....######
#@a.....#
###.###.. #


You could see a worker ant.

Vanquished Creatures
  An ogre (D:3)
  An orc priest (D:4)
  An orc wizard (D:4)
  Robin (D:2)
  7 adders
  4 oozes
  2 worms (D:2)
  2 dart slugs (D:1)
  3 leopard geckos (D:3)
  5 orcs
  3 giant cockroaches
  25 goblins
  22 hobgoblins
  4 jackals
  7 kobolds
  2 quokkas
  2 ball pythons
  7 bats
  5 frilled lizards
  12 rats
116 creatures vanquished.

Notes
Turn   | Place    | Note
-------+----------+-------------------------------------------
     0 | D:1      | Linguinho the Deep Elf Earth Elementalist began the quest for the Orb.
     0 | D:1      | Reached XP level 1. HP: 10/10 MP: 6/6
   113 | D:1      | Reached XP level 2. HP: 3/15 MP: 1/8
   664 | D:1      | Reached XP level 3. HP: 11/19 MP: 10/10
   965 | D:1      | Learned a level 2 spell: Passwall
   969 | D:1      | Learned a level 3 spell: Stone Arrow
  1193 | D:1      | You fall through a shaft!
  1402 | D:1      | Reached XP level 4. HP: 4/24 MP: 2/12
  2429 | D:2      | Noticed Robin
  2551 | D:2      | Killed Robin
  2839 | D:3      | Reached XP level 5. HP: 28/28 MP: 8/13
  2976 | D:3      | Found an iron altar of Okawaru.
  3101 | D:3      | Reached skill level 5 in Earth Magic
  3302 | D:3      | Noticed an ogre
  3309 | D:3      | Killed an ogre
  3309 | D:3      | Reached skill level 1 in Short Blades
  3309 | D:3      | Reached skill level 5 in Spellcasting
  3309 | D:3      | Reached XP level 6. HP: 32/32 MP: 6/15
  3410 | D:3      | Found a sparkling altar of Nemelex Xobeh.
  3411 | D:3      | Found a glowing silver altar of Zin.
  3834 | D:4      | Found an opulent altar of Gozag.
  4008 | D:4      | HP: 1/32 [worker ant (7)]
  4011 | D:5      | Entered Level 5 of the Dungeon
  4013 | D:5      | Succumbed to a worker ant's poison

Skill      XL: |  1  2  3  4  5 |
---------------+----------------+-----
Earth Magic    | 4 5 |  5.6
Spellcasting   | 4 5 |  5.5
Dodging        | 3 |  3.1
Stealth        | 3 |  3.4
Short Blades   | 1 |  1.3
Maces & Flails | |  0.1
Conjurations   | |  0.7
Transmutations | |  1.9

Action                   |  1- 3 |  4- 6 || total
-------------------------+-------+-------++-------
Melee: Club              |    49 |       ||    49
       Dagger            |       |    39 ||    39
 Cast: Sandblast         |    32 |    74 ||   106
       Stone Arrow       |     8 |    28 ||    36
       Passwall          |       |     1 ||     1
  Use: Potion            |       |     3 ||     3
       Scroll            |       |     1 ||     1
 Stab: Sleeping          |     1 |       ||     1
       Distracted        |       |     1 ||     1
  Eat: Chunk             |     2 |     9 ||    11
       Fruit             |       |     1 ||     1
Armor: Robe              |    13 |    12 ||    25
Dodge: Dodged            |    53 |    42 ||    95
